 Dungeon Crawl Stone Soup version 0.31-a0-210-gccc998df9b (webtiles) character file.

Game seed: 5723859537293803866

374 mdonais the Trooper (level 7, -5/63 HPs)
             Began as a Meteoran Wanderer on June 29, 2023.
             Was a Believer of Makhleb.
             Slain by a lemure (7 damage)
             ... led by Pikel
             ... on level 5 of the Dungeon.
             The game lasted 00:16:35 (1552 turns).

mdonais the Trooper (Meteoran Wanderer)             Turns: 1552, Time: 00:16:36

Health: -5/63      AC: 12    Str: 19    XL:     7   Next: 24%
Magic:  10/10      EV:  7    Int: 12    God:    Makhleb [**....]
Gold:   130        SH:  0    Dex: 12    Spells: 7/8 levels left

rFire   . . .        a - +2 mace
rCold   . . .        (no shield)
rNeg    . . .        t - +0 chain mail
rPois   .            e - +0 helmet
rElec   .            h - +0 cloak
rCorr   .            p - +0 pair of gloves
SInv    .            (no boots)
Will    .....        g - amulet of magic regeneration Stlth
                     (no ring)
HPRegen 0.30/turn    (no ring)
MPRegen 0.52/turn

%: no passive effects
@: glowing
A: sense surroundings 1, otherworldly, glowing, explore regen
a: Renounce Religion, Minor Destruction


You were on level 5 of the Dungeon.
You worshipped Makhleb.
Makhleb was pleased with you.
You visited 2 branches of the dungeon, and saw 7 of its levels.

You collected 130 gold pieces.

Inventory:

Hand Weapons
 a - a +2 mace (weapon)
 i - a +0 heavy flail
   (You took it off a gnoll on level 4 of the Dungeon)
 k - a +0 short sword of draining
   (You took it off a kobold on level 2 of the Dungeon)
 m - a +4 dagger
   (You took it off a goblin on level 2 of the Dungeon)
 n - a +0 sling
   (You took it off a goblin on level 2 of the Dungeon)
 o - a +0 trident of flaming
   (You found it on level 3 of the Dungeon)
Missiles
 u - 5 poisoned darts
Armour
 d - a +0 leather armour
 e - a +0 helmet (worn)
   (You took it off Robin on level 2 of the Dungeon)
 f - a +0 plate armour
   (You found it on level 1 of the Dungeon)
 h - a +0 cloak (worn)
   (You found it on level 2 of the Dungeon)
 p - a +0 pair of gloves (worn)
   (You found it on level 3 of the Dungeon)
 s - a +0 scale mail
   (You found it on level 3 of the Dungeon)
 t - a +0 chain mail (worn)
   (You found it on level 3 of the Dungeon)
Jewellery
 g - an amulet of magic regeneration (around neck)
   (You found it on level 1 of the Dungeon)
Scrolls
 b - a scroll of vulnerability
 c - a scroll of fog
 B - a scroll of blinking


   Skills:
 - Level 6.0 Fighting
 - Level 4.0 Maces & Flails
 + Level 3.1 Armour
 - Level 1.3 Spellcasting
 - Level 4.8 Hexes
 + Level 3.1 Invocations
 - Level 1.2 Evocations


You had 7 spell levels left.
You knew the following spells:

 Your Spells              Type           Power      Damage    Failure   Level
a - Slow                  Hex            48%        N/A       32%         1

Your spell library contained the following spells:

 Spells                   Type           Power      Damage    Failure   Level
 Portal Projectile        Hex/Tloc       12%        N/A       95%         3


Dungeon Overview and Level Annotations

Branches:
Dungeon (6/15) Zot: 1986   Temple (1/1) D:4 Zot: 598

Altars:
Ashenzari
Cheibriados
Fedhas
Kikubaaqudgha
Makhleb
Nemelex Xobeh
Qazlal
Trog
Wu Jian
Zin
The Shining One

Annotations:
D:6 Pikel


Innate Abilities, Weirdness & Mutations

You passively map a small area around you.
You are easily found by Zot.
You glow in the dark.
You regain HP and MP as you explore.


Message History

The lemure is severely wounded.
The lemure hits you!
You take 7 damage, and have 34/63 hp.
You hit the lemure but do no damage.
The lemure is severely wounded.
The lemure hits you but does no damage.
You closely miss the lemure.
The lemure is severely wounded.
The lemure barely misses you. x2
You thump the lemure!
You kill the lemure!
That felt strangely unrewarding.
There is a stone staircase leading down here.
You start waiting.
HP restored.
Health restored: 63 You climb downwards.
Level annotation: Pikel The lemure hits you but does no damage.
The lemure barely misses you.
There is a stone staircase leading up here.
The lemure barely misses you.
You climb upwards.
There is a stone staircase leading down here.
You closely miss the lemure. The lemure hits you!
The lemure hits you but does no damage.
You take 8 damage, and have 55/63 hp.
You hit the lemure but do no damage. The lemure hits you.
The lemure hits you but does no damage.
You take 1 damage, and have 54/63 hp.
You hit the lemure but do no damage. You punch the lemure, but do no damage.
The lemure hits you but does no damage. The lemure completely misses you.
The lemure hits you but does no damage. x2
You barely miss the lemure. The lemure hits you! The lemure barely misses you.
You take 6 damage, and have 48/63 hp.
You hit the lemure.
The lemure is lightly wounded.
The lemure hits you but does no damage. The lemure barely misses you.
You barely miss the lemure.
The lemure is lightly wounded.
The lemure closely misses you. The lemure hits you but does no damage.
You hit the lemure but do no damage.
The lemure is lightly wounded.
The lemure hits you but does no damage. x2
You hit the lemure.
The lemure is moderately wounded.
The lemure hits you but does no damage. The lemure hits you.
The lemure hits you but does no damage. x2
You take 4 damage, and have 45/63 hp.
You hit the lemure.
The lemure is moderately wounded.
The lemure hits you. x2
You take 7 damage, and have 38/63 hp.
You completely miss the lemure.
The lemure is moderately wounded.
The lemure hits you. The lemure hits you but does no damage.
You take 1 damage, and have 37/63 hp.
You hit the lemure.
The lemure is moderately wounded.
The lemure hits you but does no damage. The lemure closely misses you.
You closely miss the lemure.
The lemure is moderately wounded.
The lemure hits you. The lemure hits you but does no damage.
You take 2 damage, and have 35/63 hp.
You barely miss the lemure.
The lemure is moderately wounded.
The lemure hits you. The lemure barely misses you. x2
The lemure hits you but does no damage.
You take 2 damage, and have 33/63 hp.
You sock the lemure!
The lemure is severely wounded.
The lemure hits you. x2
You take 7 damage, and have 26/63 hp.
You hit the lemure.
The lemure is almost dead.
The lemure hits you. x2
You take 6 damage, and have 20/63 hp.
You hit the lemure but do no damage.
The lemure is severely wounded.
The lemure hits you. The lemure hits you but does no damage.
You take 1 damage, and have 19/63 hp.
You barely miss the lemure.
The lemure is severely wounded.
The lemure hits you!
* * * LOW HITPOINT WARNING * * *
The lemure hits you.
* * * LOW HITPOINT WARNING * * *
You take 10 damage, and have 9/63 hp.
You hit the lemure.
The lemure is almost dead.
The lemure closely misses you. The lemure barely misses you.
The lemure hits you but does no damage. x2
You hit the lemure.
You kill the lemure!
That felt strangely unrewarding.
The lemure hits you but does no damage.
You hit the lemure but do no damage. The lemure hits you.
* * * LOW HITPOINT WARNING * * *
You take 1 damage, and have 9/63 hp.
You barely miss the lemure. The lemure hits you.
* * * LOW HITPOINT WARNING * * *
You thump the lemure!
The lemure is moderately wounded.
The lemure barely misses you.
You closely miss the lemure.
The lemure is moderately wounded.
The lemure hits you but does no damage. The lemure closely misses you.
You closely miss the lemure.
The lemure is moderately wounded.
The lemure hits you but does no damage.
You completely miss the lemure.
The lemure is moderately wounded.
The lemure hits you but does no damage.
You closely miss the lemure.
The lemure is moderately wounded.
The lemure completely misses you.
You aren't carrying any potions.
You barely miss the lemure.
The lemure is moderately wounded.
The lemure barely misses you.
You hit the lemure.
The lemure is heavily wounded.
The lemure hits you!
* * * LOW HITPOINT WARNING * * *
The lemure hits you but does no damage.
You take 7 damage, and have 4/63 hp.
You closely miss the lemure.
The lemure is heavily wounded.
The lemure hits you but does no damage.
You barely miss the lemure.
The lemure is heavily wounded.
The lemure hits you but does no damage.
You closely miss the lemure. Your punch misses the lemure.
The lemure is heavily wounded.
The lemure hits you but does no damage.
You hit the lemure.
The lemure is heavily wounded.
The lemure hits you.
* * * LOW HITPOINT WARNING * * *
You take 1 damage, and have 4/63 hp.
Aiming: Minor Destruction (4% risk of failure)
Press: ? - help, Shift-Dir - straight line, f - lemure
Aim: a lemure (heavily wounded)
The zap hits the lemure but does no damage.
The lemure is heavily wounded.
The lemure hits you but does no damage.
You take 1 damage, and have 3/63 hp.
Aiming: Minor Destruction (4% risk of failure)
Press: ? - help, Shift-Dir - straight line, f/p - lemure
Aim: a lemure (heavily wounded)
The glob of acid misses the lemure.
The lemure hits you!
You die...

#..## ,,
#######..####
*
#...........#
,
#...........#
, ,
#...........#
#...........#
,
#...........#
,
*######'###.##
#........@###
, #........5#
#.........# ,
#.........# ,
########### ,


You could see a lemure.

Vanquished Creatures
  2 lemures (D:5)
  A scorpion (D:4)
  A gnoll bouda (D:4)
  An orc priest (D:3)
  A jelly (D:5)
  An orc wizard (D:3)
  Robin (D:2)
  5 gnolls (D:4)
  6 adders
  A shadow imp (D:5)
  An ufetubus (D:4)
  2 worms
  A dart slug (D:4)
  6 orcs
  7 ball pythons
  7 endoplasms
  A giant cockroach (D:2)
  8 goblins
  9 hobgoblins
  5 kobolds
  A quokka (D:3)
  2 frilled lizards
  4 goblin skeletons (D:5)
  2 goblin zombies (D:5)
  2 hobgoblin zombies (D:5)
  A kobold skeleton (D:5)
  A kobold zombie (D:5)
  An orc zombie (D:5)
  4 rats
85 creatures vanquished.

Notes
Turn   | Place    | Note
-------+----------+-------------------------------------------
     0 | D:1      | mdonais the Meteoran Wanderer began the quest for the Orb.
     0 | D:1      | mdonais set off with the following items: a +2 mace, a
                  | scroll of fog, a +0 leather armour, a wand of flame (6);
                  | and the following spell memorised: Slow; and the following
                  | spells available to memorise: Portal Projectile.
     0 | D:1      | Reached XP level 1. HP: 14/14 MP: 3/3
    39 | D:1      | Reached skill level 1 in Fighting
    52 | D:1      | Reached XP level 2. HP: 18/23 MP: 5/5
   147 | D:1      | Reached skill level 2 in Fighting
   181 | D:2      | Reached XP level 3. HP: 28/30 MP: 6/6
   233 | D:2      | Found an ancient bone altar of Kikubaaqudgha.
   307 | D:2      | Reached skill level 3 in Fighting
   312 | D:2      | Found a faded altar of an unknown god.
   315 | D:2      | Prayed at the altar of an unknown god.
   315 | D:2      | Became a worshipper of Makhleb the Destroyer
   315 | D:2      | Reached * piety under Makhleb
   356 | D:2      | Noticed Robin
   377 | D:2      | Reached XP level 4. HP: 30/35 MP: 7/7
   404 | D:2      | Killed Robin
   406 | D:2      | Reached skill level 4 in Fighting
   527 | D:3      | Reached XP level 5. HP: 10/47 MP: 8/8
   537 | D:3      | Reached skill level 5 in Fighting
   570 | D:3      | Reached ** piety under Makhleb
   857 | D:2      | Reached skill level 1 in Invocations
   857 | D:2      | Reached XP level 6. HP: 56/56 MP: 9/9
   905 | D:4      | Found a broken altar of Ashenzari.
   931 | D:4      | Found a staircase to the Ecumenical Temple.
   940 | Temple   | Entered the Ecumenical Temple
  1025 | D:4      | Found a burning altar of Makhleb.
  1216 | D:4      | Reached XP level 7. HP: 37/62 MP: 10/10
  1268 | D:5      | Entered Level 5 of the Dungeon
  1329 | D:5      | Found a glowing golden altar of the Shining One.
  1402 | D:6      | Noticed Pikel
  1415 | D:5      | Reached skill level 6 in Fighting
  1552 | D:5      | Slain by a lemure

Illustrated notes

Levels and vault maps discovered:
D:1:      ncdulo_watergridlock, layout_loops_ring, hangedman_decor_growths,
          hangedman_decor_points
D:2:      layout_loops_corners, shapermc_ecumenical_altar_mp_vishouse,
          basic_altar, uniq_robin
D:3:      layout_loops_ring, minmay_bisected
D:4:      layout_loops_corners, bloody_makhleb, cheibrodos_ashenzari_chains,
          minmay_temple_entry_purple_smoke, serial_shops,
          nicolae_shop_tiny_real_fake_doors
D:5:      layout_gridville, nicolae_tso_besieged_by_evil,
          amcnicky_mini_pool_small, chequers_mini_garden, uniq_ijyb, uniq_edmund
D:6:      layout_gridville, nicolae_ru_the_path_less_chosen,
          ebering_dispersal_statue_hall, uniq_pikel
Temple:   nicolae_temple_x_marks_the_god

Skill      XL: |  1  2  3  4  5  6  7 |
---------------+----------------------+-----
Fighting       | 1 2 3 4 5 6 |  6.0
Invocations    | 1 2 3 |  3.1
Armour         | 2 3 |  3.1
Maces & Flails | |  4.0
Spellcasting   | |  1.3
Hexes          | |  4.8
Evocations     | |  1.2

Action                     |  1- 3 |  4- 6 |  7- 9 || total
---------------------------+-------+-------+-------++-------
  Melee: Mace              |    56 |   161 |    83 ||   300
         Punch             |       |       |     2 ||     2
   Cast: Slow              |     9 |     8 |       ||    17
 Invoke: Minor Destruction |       |     6 |     2 ||     8
  Evoke: Wand              |       |     6 |       ||     6
    Use: Scroll            |       |     4 |     1 ||     5
         Potion            |       |     5 |       ||     5
 Armour: Leather armour    |    16 |    13 |       ||    29
         Chain mail        |       |    73 |    56 ||   129
  Dodge: Dodged            |    25 |    81 |    29 ||   135

Table legend: (Time is in decaauts)
 A = Elapsed time spent in this place.
 B = Non-inter-level travel time spent in this place.
 C = Inter-level travel time spent in this place.
 D = Time resting spent in this place.
 E = Time spent auto-exploring this place.
 F = Levels seen in this place.
 G = Mean time per level.
                   A        B        C        D        E       F      G
               +--------+--------+--------+--------+--------+-----+--------+
         Total |   1613 |   1497 |    116 |     94 |      0 |   7 |  230.4 |
       Dungeon |   1612 |   1496 |    116 |     94 |      0 |   6 |  268.7 |
        Temple |      1 |      1 |      0 |      0 |      0 |   1 |    1.0 |
               +--------+--------+--------+--------+--------+-----+--------+

Top non-repeatable levels by time:
     D:4: 424 daAuts
     D:3: 391 daAuts
     D:2: 330 daAuts
     D:5: 292 daAuts
     D:1: 167 daAuts
     D:6: 6 daAuts
  Temple: 1 daAuts
